 Dungeon Crawl Stone Soup version 0.30.0-29-ga12c61a403 (webtiles) character file.

Game seed: 15424804731125386791

1313 Tirrikindir the Cudgeller (level 8, 0/49 HPs)
             Began as a Gargoyle Berserker on June 18, 2023.
             Was a Priest of Trog.
             Slain by an ogre
             ... wielding a +0 giant club
              (13 damage)
             ... on level 5 of the Dungeon.
             The game lasted 00:10:03 (3528 turns).

Tirrikindir the Cudgeller (Gargoyle Berserker)      Turns: 3528, Time: 00:10:03

Health: 0/49       AC: 22    Str: 21    XL:     8   Next: 58%
Magic:  8/8        EV:  5    Int:  8    God:    Trog [***...]
Gold:   175        SH:  6    Dex: 11    Spells: 7/7 levels left

rFire   + . .        j - +0 whip (flame)
rCold   + . .        d - +0 kite shield
rNeg    + . .        o - +0 plate armour
rPois   ∞            (no helmet)
rElec   +            f - scarf {rC+ rF+}
rCorr   .            a - +2 pair of gloves
SInv    .            m - +0 pair of boots
Will    .....        (no amulet) Stlth
                     (no ring)
HPRegen 0.28/turn    (no ring)
MPRegen 0.11/turn

%: no passive effects
@: on berserk cooldown
A: sickness immunity, AC +5, negative energy resistance 1, electricity
resistance, torment resistance 1, petrification resistance
a: Renounce Religion, Berserk, Trog's Hand


You were on level 5 of the Dungeon.
You worshipped Trog.
Trog was most pleased with you.
You visited 2 branches of the dungeon, and saw 6 of its levels.

You collected 175 gold pieces.

Inventory:

Hand Weapons
 j - a +0 whip of flaming (weapon)
Missiles
 e - 26 poisoned darts (quivered)
Armour
 a - a +2 pair of gloves (worn)
 d - a +0 kite shield (worn)
 f - a scarf of resistance (worn)
 m - a +0 pair of boots (worn)
 o - a +0 plate armour (worn)
Wands
 b - a wand of polymorph (6)
Scrolls
 h - 2 scrolls of magic mapping {unknown}
 k - 4 scrolls of teleportation
 l - 4 scrolls of amnesia {unknown}
 n - a scroll of immolation {unknown}
Potions
 c - a potion of degeneration {unknown}
 g - a potion of curing {unknown}
 i - a potion of cancellation


   Skills:
 - Level 5.0 Fighting
 * Level 6.1 Maces & Flails
 * Level 5.8 Armour
 + Level 3.3 Dodging
 * Level 5.7 Stealth


You had 7 spell levels left.
You didn't know any spells.
Your spell library was empty.

Dungeon Overview and Level Annotations

Branches:
Dungeon (5/15)             Temple (1/1) D:4

Altars:
Cheibriados
Dithmenos
Elyvilon
Gozag
Hepliaklqana
Kikubaaqudgha
Nemelex Xobeh
Okawaru
Ru
Sif Muna
Trog
Uskayaw
Vehumet
Wu Jian
Xom
Zin
The Shining One

Shops:
D:2 (


Innate Abilities, Weirdness & Mutations

You are immune to sickness and miasma.
Your stone body is resilient. (AC +5)
You are immune to poison.
You resist negative energy. (rN+)
You are resistant to electric shocks. (rElec)
You are resistant to unholy torment.
You are immune to petrification.


Message History

Pain shoots through your body!
The orc priest hits you but does no damage.
Things that are here:
a +0 club; an orc corpse; a scorpion corpse You hit the orc priest.
You burn the orc priest.
The orc priest is lightly wounded.
You block the orc priest's attack. x2
You barely miss the orc priest.
The orc priest is lightly wounded.
The orc priest closely misses you.
You hit the orc priest. You burn the orc priest.
The orc priest is moderately wounded.
The orc priest barely misses you.
You hit the orc priest. You burn the orc priest.
The orc priest is severely wounded.
The orc priest hits you but does no damage.
The orc priest invokes the aid of Beogh against you.
Beogh smites you!
You whack the orc priest! You burn the orc priest.
You kill the orc priest!
Trog accepts your kill.
You're still recovering from your berserk rage.
You hit the ogre. You burn the ogre.
The ogre is lightly wounded.
The ogre hits you with a +0 giant club.
You completely miss the ogre.
The ogre is lightly wounded.
The ogre hits you but does no damage. The ogre attacks as you move away!
The ogre hits you with a +0 giant club.
* * * LOW HITPOINT WARNING * * *
You feel yourself speed up.
You hit the ogre. You burn the ogre.
The ogre is moderately wounded.
The ogre hits you but does no damage.
You hit the ogre but do no damage.
The ogre is moderately wounded.
You hit the ogre. You burn the ogre.
The ogre is moderately wounded.
The ogre hits you with a +0 giant club!
You die...

......####...#.####
##.# .#...##
#...#....### #..#
##...###
#.>.####...###.#
##.....# #####
###.#...# #
.....#...# #....)##.#
.#######...#
###.#....# .# #...###
###..#.....# .#
#....##......###.....
.# #.@#).##### ##..
### ##.O..# . ..###
###.## ..... ....
..### ...### ..#
#.#.. ..# #.#.. ..##
..#... <..# ##. ...


You could see an ogre.

Vanquished Creatures
  Pikel (D:4)
  A bullfrog (D:5)
  A kobold brigand (D:5)
  4 scorpions
  3 hounds
  A sleepcap (D:5)
  3 orc priests
  An iguana (D:4)
  2 orc wizards (D:5)
  5 adders
  4 gnolls (D:4)
  A white imp (D:5)
  An ufetubus (D:4)
  2 worms
  3 dart slugs
  6 orcs
  11 endoplasms
  3 giant cockroaches
  13 goblins
  3 hobgoblins
  2 jackals (D:1)
  11 kobolds
  5 quokkas
  6 ball pythons
  5 bats
  3 frilled lizards
  5 rats
106 creatures vanquished.

Notes
Turn   | Place    | Note
-------+----------+-------------------------------------------
     0 | D:1      | Tirrikindir the Gargoyle Berserker began the quest for the
                  | Orb.
     0 | D:1      | Reached XP level 1. HP: 14/14 MP: 1/1
   162 | D:1      | Reached XP level 2. HP: 13/19 MP: 2/2
   445 | D:1      | Reached XP level 3. HP: 23/23 MP: 3/3
   813 | D:2      | Found Yheipn's Magic Scroll Emporium.
   855 | D:2      | Found Joqis's Antique Weapon Emporium.
   960 | D:2      | Reached ** piety under Trog
  1386 | D:2      | Reached skill level 1 in Stealth
  1442 | D:2      | Reached XP level 4. HP: 29/29 MP: 4/4
  1782 | D:3      | Found a hide-covered altar of Uskayaw.
  1896 | D:3      | Found a snail-covered altar of Cheibriados.
  2301 | D:4      | Noticed a lemure
  2302 | D:4      | Noticed a lemure
  2304 | D:4      | Noticed Pikel
  2312 | D:4      | Noticed a lemure
  2314 | D:4      | Noticed a lemure
  2324 | D:4      | Killed Pikel
  2325 | D:4      | Reached skill level 5 in Maces & Flails
  2325 | D:4      | Reached XP level 5. HP: 34/34 MP: 5/5
  2325 | D:4      | Reached XP level 6. HP: 39/39 MP: 6/6
  2325 | D:4      | Reached XP level 7. HP: 44/44 MP: 7/7
  2357 | D:4      | Found a staircase to the Ecumenical Temple.
  2379 | Temple   | Entered the Ecumenical Temple
  2395 | D:5      | Entered Level 5 of the Dungeon
  2577 | D:4      | HP: 3/66 [gnoll/+0 halberd (9)]
  2770 | D:4      | Reached skill level 5 in Armour
  2770 | D:4      | Reached XP level 8. HP: 48/48 MP: 8/8
  3166 | D:5      | Reached skill level 5 in Stealth
  3182 | D:5      | Reached *** piety under Trog
  3310 | D:5      | Reached skill level 5 in Fighting
  3514 | D:5      | Reached skill level 6 in Maces & Flails
  3528 | D:5      | Slain by an ogre

Illustrated notes

Levels and vault maps discovered:
D:1:      amcnicky_arrival_gap_in_the_tavern_cellar, layout_loops_ring
D:2:      layout_basic, serial_forest, infiniplex_forest_end_2,
          infiniplex_forest_corner_1, infiniplex_forest_clump_double,
          infiniplex_forest_lined_1, infiniplex_forest_diagonal, serial_shops,
          shop, shop
D:3:      layout_basic, nicolae_overflow_crystal_walls,
          mainiacjoe_overflow_boulevard
D:4:      layout_cave_pools, minmay_temple_entry_arrows, grunt_ministairs_14,
          dreamdust_gnoll_farm, uniq_pikel
D:5:      layout_rooms, nicolae_nh_ransacked_shop
Temple:   hellmonk_temple_two_chambers

Skill      XL: |  1  2  3  4  5  6  7  8 |
---------------+-------------------------+-----
Dodging        | 2 3 |  3.3
Stealth        | 1 3 4 5 |  5.7
Fighting       | 4 5 |  5.0
Maces & Flails | 5 6 |  6.1
Armour         | 4 5 |  5.8

Action                     |  1- 3 |  4- 6 |  7- 9 || total
---------------------------+-------+-------+-------++-------
  Melee: Mace              |   106 |    52 |       ||   158
         Punch             |     2 |       |       ||     2
         Whip              |       |       |   250 ||   250
  Throw: Dart              |       |     5 |     7 ||    12
 Invoke: Berserk           |       |     1 |     6 ||     7
         Trog's Hand       |       |       |     2 ||     2
    Use: Scroll            |     2 |     1 |     1 ||     4
         Potion            |       |       |     6 ||     6
   Stab: Sleeping          |     1 |       |       ||     1
 Armour: Animal skin       |    15 |       |       ||    15
         Leather armour    |     6 |       |       ||     6
         Scale mail        |    18 |     9 |       ||    27
         Ring mail         |    13 |       |       ||    13
         Plate armour      |       |    13 |   142 ||   155
         Skin              |       |       |    28 ||    28
  Dodge: Dodged            |    53 |    14 |    52 ||   119
  Block: Kite shield       |    11 |    22 |    86 ||   119
